 Dungeon Crawl Stone Soup version 0.30.1 (webtiles) character file.

Game seed: 434835254842540492

494 Nicoed the Cleaver (level 6, -5/78 HPs)
             Began as a Minotaur Fighter on July 6, 2023.
             Was an Initiate of Okawaru.
             Killed from afar by Ijyb (9 damage)
             ... with a bolt of acid
             ... on level 5 of the Dungeon.
             The game lasted 00:04:29 (4170 turns).

Nicoed the Cleaver (Minotaur Fighter)               Turns: 4170, Time: 00:04:30

Health: -5/78      AC: 15    Str: 23    XL:     6   Next: 92%
Magic:  0/5        EV:  2    Int:  5    God:    Okawaru [......]
Gold:   209        SH:  4    Dex:  9    Spells: 5/5 levels left

rFire   . . .        a - +0 war axe
rCold   . . .        c - +0 buckler
rNeg    . . .        b - melded +0 scale mail
rPois   +            (helmet currently unavailable)
rElec   .            l - melded +0 cloak
rCorr   .            (gloves currently unavailable)
SInv    .            k - melded +0 pair of boots
Will    .....        j - amulet of guardian spirit
Stlth   +            (no ring)
HPRegen 0.33/turn    (no ring)
MPRegen 0.09/turn

%: guardian spirit
@: tree-form, corroded, attractive
A: stationary, stasis, torment immunity, boosted hp, (horns 2), (retaliatory
headbutt)
a: Renounce Religion


You were on level 5 of the Dungeon.
You worshipped Okawaru.
Okawaru was noncommittal.
You were a tree.
You visited 2 branches of the dungeon, and saw 6 of its levels.

You collected 209 gold pieces.

Inventory:

Hand Weapons
 a - a +0 war axe (weapon)
 x - a +2 vampiric spear
Missiles
 q - 7 poisoned darts (quivered)
 u - a throwing net
Armour
 b - a +0 scale mail (melded)
 c - a +0 buckler (worn)
 k - a +0 pair of boots (melded)
 l - a +0 cloak (melded)
Jewellery
 j - an amulet of guardian spirit (around neck)
 n - an amulet of reflection
 A - a ring of ice
Scrolls
 e - a scroll of enchant armour {unknown}
 f - 4 scrolls of identify {unknown}
 g - 3 scrolls of teleportation {unknown}
 h - a scroll of magic mapping {unknown}
 m - 4 scrolls of amnesia {unknown}
 p - a scroll of torment {unknown}
 s - a scroll of poison {unknown}
 v - 2 scrolls of immolation {unknown}
 w - 2 scrolls of blinking {unknown}
 y - a scroll of fog {unknown}
Potions
 d - 2 potions of might
 o - a potion of ambrosia {unknown}
 r - 3 potions of heal wounds {unknown}
 t - a potion of attraction
 z - a potion of haste {unknown}


   Skills:
 - Level 4.0 Fighting
 + Level 8.6 Axes
 - Level 4.0 Armour
 - Level 4.0 Shields


You had 5 spell levels left.
You didn't know any spells.
Your spell library contained the following spells:

 Spells                   Type           Power      Damage    Failure   Level
 Freeze                   Ice            0%         1d3       54%         1
 Sting                    Tmut/Pois      0%         1d3       54%         1
 Poisonous Vapours        Pois/Air       0%         N/A       67%         2
 Sublimation of Blood     Necr           0%         N/A       67%         2
 Wereblood                Tmut           0%         N/A       67%         2
 Frozen Ramparts          Ice            0%         1d1       88%         3
 Hailstorm                Conj/Ice       0%         3d3       88%         3
 Portal Projectile        Hex/Tloc       0%         N/A       88%         3
 Olgreb's Toxic Radiance  Pois           0%         N/A       99%         4
 Blade Hands              Tmut           0%         N/A       100%        5
 Tukima's Dance           Hex            Unusable   N/A       N/A         3
 Summon Hydra             Summ           Unusable   N/A       N/A         7

Dungeon Overview and Level Annotations

Branches:
Dungeon (5/15)             Temple (1/1) D:4

Altars:
Ashenzari
Cheibriados
Dithmenos
Elyvilon
Fedhas
Gozag
Hepliaklqana
Kikubaaqudgha
Makhleb
Okawaru
Qazlal
Ru
Sif Muna
Trog
Uskayaw
Wu Jian
Xom
Yredelemnul
Zin
The Shining One

Shops:
D:1 =   D:4 =

Annotations:
D:5 Ijyb


Innate Abilities, Weirdness & Mutations

You are a tree.
Your roots penetrate the ground, keeping you stationary.
You cannot be teleported.
You are immune to unholy pain and torment.
Your maximum health is greatly increased.
Your equipment is partially melded.
((You have a pair of horns on your head.))
((You reflexively headbutt those who attack you in melee.))


Message History

Found a scroll labelled DAKHUV UM UPI.
You start resting.
HP restored.
No target in view!
Ijyb is nearby!
Ijyb is nearby!
Ijyb shouts!
Ijyb zaps a wand.
The bolt of acid hits you. The acid corrodes you! Ijyb hits you with a +6 club!
You hit Ijyb.
Ijyb is moderately wounded.
Ijyb closely misses you. You furiously retaliate!
You headbutt Ijyb.
Ijyb zaps a wand.
The bolt of acid hits you! The acid corrodes you!
You closely miss Ijyb.
Ijyb is moderately wounded.
Ijyb barely misses you.
You hit Ijyb but do no damage.
Ijyb is moderately wounded.
Ijyb hits you with a +6 club.
You barely miss Ijyb.
Ijyb is moderately wounded.
Ijyb hits you with a +6 club!
* * * LOW HITPOINT WARNING * * *
You hit Ijyb. You headbutt Ijyb.
Ijyb is heavily wounded.
Ijyb hits you with a +6 club!
* * * LOW HITPOINT WARNING * * *
Unknown command.
Unknown command.
It was a potion of attraction.
You feel attractive to monsters.
Ijyb zaps a wand.
The bolt of acid hits you!
* * * LOW HITPOINT WARNING * * *
Unknown command.
It was a potion of lignification.
You turn into a tree.
Your +0 cloak melds into your body.
Your +0 pair of boots melds into your body.
Your +0 scale mail melds into your body.
Your roots penetrate the ground.
Ijyb zaps a wand.
The bolt of acid hits you!
You die...

.# ##.## . .##### #####...# fg
#....###....>.#####
...#....##........#..####
........#..##...........####
........#......#.....##.##.##
........##.............#....###
#......))....##.......#...>...
#......†)...g♣.......##.......
))......../##..........#.......
#...........#....#...#...##....
#........................#.....
##.......................##....
#?#....................##.....
#.#....................#......
.?.......##............#....
#................


You could see Ijyb.

Vanquished Creatures
  An ice beast (D:4)
  A black bear (D:4)
  A scorpion (D:5)
  Jessica (D:2)
  2 iguanas (D:4)
  An orc wizard (D:5)
  5 adders
  4 gnolls (D:4)
  A worm (D:2)
  A dart slug (D:1)
  4 orcs
  A bat (D:3)
  8 endoplasms
  2 giant cockroaches (D:4)
  5 goblins
  7 hobgoblins
  5 quokkas
  5 ball pythons
  A frilled lizard (D:2)
  4 kobolds
60 creatures vanquished.

Notes
Turn   | Place    | Note
-------+----------+-------------------------------------------
     0 | D:1      | Nicoed the Minotaur Fighter began the quest for the Orb.
     0 | D:1      | Reached XP level 1. HP: 19/19 MP: 0/0
   187 | D:1      | Found Yvvigoaj's Jewellery Emporium.
   345 | D:1      | Reached XP level 2. HP: 24/27 MP: 1/1
   995 | D:2      | Found a faded altar of an unknown god.
  1054 | D:2      | Reached skill level 3 in Axes
  1055 | D:2      | Reached XP level 3. HP: 13/33 MP: 2/2
  1333 | D:2      | Noticed Jessica
  1339 | D:2      | Killed Jessica
  1340 | D:2      | Reached skill level 4 in Axes
  1481 | D:3      | Reached XP level 4. HP: 40/40 MP: 3/3
  1626 | D:3      | Found a blossoming altar of Fedhas.
  1626 | D:3      | Found a snail-covered altar of Cheibriados.
  1656 | D:3      | Reached skill level 5 in Axes
  2329 | D:4      | Reached XP level 5. HP: 42/46 MP: 4/4
  2385 | D:4      | Reached skill level 6 in Axes
  2491 | D:4      | Noticed an ice beast
  2503 | D:4      | Killed an ice beast
  2504 | D:4      | Reached skill level 7 in Axes
  2504 | D:4      | Reached XP level 6. HP: 47/52 MP: 3/5
  2689 | D:4      | Found a stormy altar of Qazlal.
  2809 | D:4      | Found a staircase to the Ecumenical Temple.
  3225 | D:4      | Found Uloiq's Jewellery Emporium.
  3284 | D:4      | Reached skill level 8 in Axes
  3764 | Temple   | Entered the Ecumenical Temple
  3862 | Temple   | Became a worshipper of Warmaster Okawaru
  4023 | D:5      | Entered Level 5 of the Dungeon
  4082 | D:5      | Noticed Ijyb
  4169 | D:5      | HP: 2/52 [Ijyb/bolt of acid (7)]
  4170 | D:5      | Killed from afar by Ijyb

Illustrated notes

Levels and vault maps discovered:
D:1:      amcnicky_arrival_abandoned_market, layout_basic, serial_shops,
          nicolae_square_shop, kennysheep_pointless_box
D:2:      wander_river, layout_rooms, ebering_ecumenical_altar_webs,
          uniq_jessica
D:3:      layout_basic, gammafunk_temple_overflow_wave
D:4:      layout_layer_cave, mainiacjoe_overflow_alcove_1,
          minmay_temple_entry_overgrown, serial_shops,
          nicolae_shop_behind_doors, serial_forest,
          infiniplex_forest_clump_medium, infiniplex_forest_lined_2,
          infiniplex_forest_lined_room_2, infiniplex_forest_lined_room_2,
          infiniplex_forest_join, infiniplex_forest_straight_2,
          infiniplex_forest_clump_double, infiniplex_forest_zigzag_1,
          minmay_misc_feat_tower, amcnicky_mini_rare_corridor_liquid
D:5:      layout_cave_pools, mainiacjoe_overflow_paths,
          hangedman_abyss_or_decor_stagger, uniq_ijyb, uniq_eustachio
Temple:   minmay_temple_bridge_d

Skill      XL: |  1  2  3  4  5  6 |
---------------+-------------------+-----
Fighting       | 4 |  4.0
Axes           | 3 4 5 7 8 |  8.6
Armour         | 4 |  4.0
Shields        | 4 |  4.0

Action                     |  1- 3 |  4- 6 || total
---------------------------+-------+-------++-------
  Melee: War axe           |    48 |    95 ||   143
         Headbutt          |     5 |    11 ||    16
    Use: Potion            |       |     2 ||     2
 Armour: Scale mail        |    18 |    48 ||    66
  Dodge: Dodged            |    17 |    45 ||    62
  Block: Buckler           |     5 |    23 ||    28
